Map: Planta ácida EJ

Players

PtitDrogo

  • Race: Protoss Protoss
  • Spawn Location: 11:00

VortiX - Winner!

  • Race: Zerg Zerg
  • Spawn Location: 5:00

Event: WCS Valencia 2018

VOD

Have the link to the VOD?

Description

Time

  • Played on: July 12, 2018, 9:43 a.m.
  • Length: 10:59

All games in this series

Show
View Real Time Build Order
Export as new Build Order

PtitDrogo Protoss 

Build Orders: 1 Gate Expand, Oracle Opening, Phoenix Opening, Zealot Archon, Archon Drop 

Get SALT Encoding   

  12  0:00  Probe  
  13  0:13  Probe  
  14  0:20  Pylon  
  14  0:25  Probe  
  15  0:34  Probe  
  15  0:42  Probe  
  16  0:45  Gateway  
  16  0:47  Assimilator  
  17  0:52  Probe  
  18  1:04  Probe  
  19  1:16  Probe  
  20  1:23  Nexus  
  20  1:33  Cybernetics Core  
  20  1:35  Probe  
  21  1:40  Assimilator  
  21  1:47  Probe  
  21  1:51  Pylon  
  22  1:59  Probe  
  22  2:00  Adept  
  23  2:11  Probe  
  23  2:15  Stargate  
  26  2:21  Warp Gate  
  26  2:23  Probe  
  26  2:26  Adept  
  29  2:31  Probe x2  
  31  2:39  Probe  
  31  2:40  Probe  
  33  2:48  Gateway  
  33  2:49  Probe  
  33  2:55  Phoenix  
  34  3:01  Probe  
  34  3:04  Probe  
  38  3:10  Pylon  
  38  3:13  Probe  
  38  3:16  Probe  
  38  3:17  Oracle  
  40  3:25  Probe  
  40  3:26  Assimilator  
  44  3:29  Assimilator  
  44  3:34  Robotics Facility  
  44  3:37  Probe x2  
  46  3:49  Probe  
  46  3:50  Twilight Council  
  46  3:51  Probe  
  46  3:55  Pylon  
  48  4:03  Gateway  
  48  4:04  Gateway  
  48  4:05  Probe  
  48  4:07  Probe  
  50  4:16  Warp Prism  
  50  4:17  Probe  
  50  4:19  Probe  
  52  4:31  Templar Archives  
  54  4:32  Probe  
  54  4:33  Forge  
  54  4:35  Zealot  
  57  4:39  Pylon  
  57  4:40  Probe  
  57  4:44  Probe  
  59  4:56  Protoss Ground Weapons Level 1, Nexus  
  59  5:02  Pylon  
  59  5:04  Pylon  
  59  5:13  Probe  
  60  5:18  Observer  
  58  5:21  Zealot x3  
  58  5:22  Zealot, Probe  
  58  5:25  Probe  
  64  5:33  Oracle  
  64  5:34  Probe  
  62  5:37  Observer  
  62  5:42  High Templar x2  
  63  5:43  High Templar x2  
  63  5:46  Pylon x2  
  63  5:48  Archon x2  
  63  5:49  Shield Battery  
  69  5:55  Gateway  
  69  5:56  Gateway  
  69  5:58  Charge  
  69  6:06  Pylon, Probe  
  69  6:10  Observer  
  70  6:11  Zealot  
  70  6:16  Zealot x2  
  70  6:17  Zealot  
  78  6:19  Probe  
  79  6:27  Probe  
  79  6:28  Nexus  
  79  6:30  Pylon  
  79  6:31  Probe  
  81  6:39  Probe  
  82  6:41  Psionic Storm  
  82  6:42  Zealot x4  
  82  6:43  Probe  
  82  6:46  Protoss Ground Weapons Level 2  
  91  6:56  Probe  
  92  7:04  Zealot x3  
  92  7:05  Zealot  
  101  7:09  High Templar  
  101  7:10  Pylon  
  101  7:12  Pylon  
  102  7:18  Gateway  
  102  7:22  Probe  
  101  7:29  Photon Cannon  
  101  7:31  High Templar x2  
  101  7:32  High Templar  
  107  7:42  Shield Battery  
  107  7:43  Shield Battery  
  107  7:45  Zealot x3  
  113  7:55  Gateway  
  113  7:56  Probe  
  106  7:58  Gateway  
  106  8:02  Probe x2  
  106  8:05  Assimilator  
  108  8:08  Zealot x3, High Templar x2, Probe  
  108  8:09  Assimilator  
  117  8:13  Immortal  
  113  8:30  Zealot x4  
  119  8:41  Probe  
  119  8:42  Photon Cannon  
  119  8:46  Immortal  
  120  8:50  Gateway  
  120  8:51  Gateway  
  124  8:57  High Templar  
  124  8:58  High Templar  
  124  9:01  High Templar  
  130  9:03  High Templar, Pylon  
  130  9:04  Archon  
  130  9:07  Pylon  
  130  9:09  Archon  
  132  9:22  Pylon  
  132  9:24  Pylon  
  132  9:25  Immortal, Zealot x4  
  144  9:49  High Templar x3  
  144  9:51  High Templar  
  144  9:52  Zealot x4  
  160  9:57  Archon  
  160  9:58  Zealot x2, Archon  
  107  10:22  High Templar x2  
  107  10:23  Zealot x8  
  107  10:25  Nexus  
  107  10:27  Archon, Pylon  
  115  10:49  Zealot  
  101  10:50  Zealot x7  
Show
View Real Time Build Order
Export as new Build Order

VortiX Zerg - Winner!

Build Orders: Hatch First 

Get SALT Encoding   

  12  0:00  Drone  
  13  0:12  Overlord  
  13  0:16  Drone  
  14  0:30  Drone x2  
  16  0:48  Hatchery  
  15  0:51  Drone  
  15  0:54  Drone  
  17  1:04  Extractor  
  17  1:11  Spawning Pool  
  15  1:13  Drone  
  15  1:17  Drone  
  17  1:20  Drone  
  18  1:27  Drone  
  19  1:38  Drone  
  20  1:48  Overlord  
  20  1:58  Queen  
  20  1:59  Queen  
  24  2:01  Drone  
  24  2:02  Drone  
  26  2:10  Drone x2  
  28  2:21  Drone  
  28  2:22  Drone  
  30  2:32  Drone x2  
  30  2:36  Hatchery  
  31  2:42  Zergling x2  
  32  2:45  Queen  
  34  2:53  Metabolic Boost  
  34  2:54  Evolution Chamber  
  32  3:01  Drone x3  
  34  3:06  Overlord  
  34  3:10  Drone  
  34  3:11  Drone  
  36  3:19  Zerg Melee Weapons Level 1  
  36  3:24  Queen  
  38  3:27  Drone x2  
  38  3:29  Drone  
  38  3:34  Overlord  
  41  3:36  Drone  
  41  3:39  Drone  
  43  3:42  Overlord  
  43  3:46  Spore Crawler  
  42  3:53  Drone x2  
  42  3:54  Drone  
  45  3:56  Spore Crawler  
  45  3:59  Queen  
  46  4:05  Drone x2  
  46  4:06  Drone  
  49  4:10  Drone x3  
  52  4:21  Drone  
  52  4:22  Drone x3  
  52  4:23  Spore Crawler  
  54  4:31  Zergling x8  
  54  4:32  Zergling x2  
  54  4:33  Overlord  
  54  4:37  Overlord  
  58  4:40  Lair  
  58  4:44  Extractor  
  58  4:45  Extractor, Zergling x2  
  55  4:46  Zergling x2  
  55  4:47  Overlord  
  55  4:51  Zergling x4  
  55  4:52  Zergling x4  
  61  4:54  Zergling x2  
  61  4:57  Zergling x4  
  61  4:59  Zergling x4  
  66  5:01  Zergling x2  
  66  5:03  Zergling x2  
  67  5:07  Zergling x4  
  68  5:14  Drone  
  68  5:15  Drone x3  
  68  5:19  Zergling x4  
  68  5:20  Zergling x4  
  75  5:23  Zergling x2  
  75  5:27  Zergling x2  
  75  5:30  Zergling x8  
  75  5:33  Drone  
  75  5:35  Baneling Nest  
  77  5:40  Drone x2  
  77  5:41  Hydralisk Den  
  75  5:43  Drone x2  
  75  5:47  Drone x2  
  79  5:50  Drone x2  
  79  5:55  Drone  
  80  6:04  Drone  
  80  6:05  Extractor, Drone x2  
  80  6:07  Overlord x2  
  82  6:11  Grooved Spines  
  82  6:12  Overlord  
  82  6:18  Centrifical Hooks  
  82  6:22  Overlord  
  82  6:25  Drone x3  
  83  6:26  Hydralisk, Drone x3  
  83  6:27  Hydralisk  
  83  6:31  Hydralisk x2  
  95  6:35  Zerg Melee Weapons Level 2  
  95  6:39  Hydralisk  
  95  6:42  Hydralisk  
  93  6:55  Drone x3  
  93  6:56  Drone x4  
  93  6:58  Hydralisk x3  
  93  7:01  Overlord  
  106  7:03  Overlord  
  106  7:06  Zergling x4  
  106  7:07  Zergling x2  
  109  7:11  Hydralisk x2  
  113  7:21  Hydralisk x2  
  115  7:23  Muscular Augments  
  115  7:26  Hydralisk  
  115  7:27  Hydralisk  
  115  7:28  Zergling x2  
  115  7:29  Zergling x8  
  122  7:34  Zergling x8  
  126  7:37  Baneling x2  
  126  7:38  Overlord x2, Baneling x2  
  126  7:40  Zergling x2  
  126  7:42  Baneling x2  
  127  7:44  Baneling  
  127  7:50  Zergling x6  
  125  8:00  Extractor, Hydralisk x3  
  125  8:01  Zergling x8  
  125  8:03  Baneling  
  125  8:05  Baneling  
  134  8:08  Hatchery  
  134  8:09  Hydralisk  
  134  8:10  Zergling x8  
  138  8:16  Hydralisk  
  138  8:17  Zergling x2  
  123  8:30  Baneling x4  
  123  8:32  Baneling x3  
  123  8:34  Zergling x12  
  119  8:40  Drone x2  
  119  8:41  Drone  
  123  8:43  Extractor  
  123  8:46  Drone x2  
  123  8:48  Drone  
  125  8:51  Zerg Missile Weapons Level 1, Baneling  
  125  8:52  Baneling x5  
  125  8:55  Hydralisk  
  125  8:56  Zergling x2  
  125  8:59  Overlord  
  128  9:03  Baneling  
  128  9:04  Baneling x3  
  128  9:06  Hydralisk  
  128  9:07  Zergling x2  
  128  9:09  Hydralisk  
  131  9:13  Zergling x6  
  131  9:15  Zergling x4  
  136  9:17  Zergling x2  
  136  9:18  Zergling x10  
  138  9:25  Zergling x4  
  138  9:29  Hydralisk x2  
  144  9:32  Baneling x3  
  144  9:33  Baneling x4  
  144  9:35  Overlord x2  
  144  9:37  Queen  
  144  9:38  Hydralisk x2  
  146  9:41  Baneling x4  
  146  9:43  Hydralisk  
  146  9:44  Zergling x10  
  157  9:47  Overlord  
  157  9:50  Hydralisk  
  159  9:54  Zergling x8  
  159  9:55  Zergling x2  
  159  9:56  Baneling x3  
  164  10:01  Hydralisk x2  
  159  10:10  Hydralisk x3  
  159  10:11  Hydralisk  
  152  10:19  Hydralisk x2  
  152  10:20  Zergling x10  
  157  10:28  Baneling x2  
  157  10:30  Baneling x5  
  157  10:31  Zergling x2  
  157  10:32  Zergling x10  
  157  10:33  Zergling x2  
  157  10:35  Zergling x4  
  166  10:37  Baneling x3  
Tags
 
Add a new tag
Caveats
  • Supply blocks, unpowered buildings, or Contaminate may cause inaccurate times.
  • Supply counts are checked every 10 seconds.